 Dungeon Crawl Stone Soup version 0.30-a0-414-gcb316572d5 (webtiles) character file.

Game seed: 3101012306720705057

522465 cforsyth the Axe Maniac (level 25, -10/276 (282) HPs)
             Began as a Hill Orc Monk on Dec 7, 2022.
             Was the Champion of Beogh.
             Mangled by a shadow dragon (21 damage)
             ... on level 1 of the Realm of Zot on Dec 8, 2022.
             The game lasted 03:32:09 (48828 turns).

cforsyth the Axe Maniac (Hill Orc Monk)            Turns: 48828, Time: 03:32:09

HP:   -10/276 (282) AC: 39    Str: 38    XL:     25   Next: 34%
MP:   4/31          EV: 12    Int:  9    God:    Beogh [******]
Gold: 5279          SH:  0    Dex: 23    Spells: 24/24 levels left

rFire   + + +      SeeInvis .    k - +8 frozen axe "Frostbite" {freezing cloud, *Noise Fly rC+}
rCold   + + .      Faith    .    (shield currently unavailable)
rNeg    + . .      Spirit   .    r - +1 shadow dragon scales "Fikh" {+Inv Stlth++++}
rPois   +          Reflect  .    f - +2 helmet of Ponuemux {rElec Will- Regen+ rCorr}
rElec   +          Harm     .    I - +2 ratskin cloak {*Rats rPois rN+ Str-1 Int-1 Dex+1}
rCorr   +          Rampage  .    v - +0 pair of gloves of Seukhuet {Str+3 Int+4 Slay+2}
Will    ++...      Clarity  +    e - +2 pair of boots of the Slorg {MP-9 Str+7 Dex+6}
Stlth   +++.......               K - amulet of Vitality {RegenMP++ Regen++}
HPRegen 3.06/turn                b - ring of willpower
MPRegen 1.02/turn                m - ring of the Shining Light {rF+++ rC+ Will+ Int-2 Slay+5}

@: about to teleport, flying, studying Transmutations, lightly drained
A: walk on water, talons 1, agile 1, clarity, robust 1, strong 1, wild magic 1,
evolution 1
}: 3/15 runes: decaying, serpentine, silver
a: Renounce Religion, Evoke Invisibility, Smiting, Recall Orcish Followers, Give
Item to Named Follower, Resurrection


You were on level 1 of the Realm of Zot.
You worshipped Beogh.
Beogh was exalted by your worship.
You visited 10 branches of the dungeon, and saw 44 of its levels.
You visited the Abyss 1 time.
You visited 1 bazaar.
You also visited: Sewer, Ossuary, Gauntlet and Volcano.

You collected 8970 gold pieces.
You spent 3691 gold pieces at shops.

Inventory:

Hand Weapons
 j - the +3 spear "Yheseg" {venom, rC+ Str+7 Stlth+}
   (You found it on level 2 of the Dungeon)

   It poisons the flesh of those it strikes.
   Str:       It affects your strength (+7).
   rC:        It protects you from cold.
   Stlth:     It makes you more stealthy.
 k - the +8 frozen axe "Frostbite" (weapon) {freezing cloud, *Noise Fly rC+}
   (You took it off a wight on level 7 of the Dungeon)

   It freezes those it strikes, dealing additional cold damage.
   It can also slow down cold-blooded creatures.
   It occasionally leaves clouds of freezing vapour upon striking a foe.
   It grants immunity to clouds of freezing vapour.
   rC:        It protects you from cold.
   Fly:       It grants you flight.
   *Noise:    It may make noises in combat.
 C - the +10 glaive "Aqeskizi" {venom, rElec Will- Int+5}
   (You bought it in a shop on level 2 of the Orcish Mines)

   It poisons the flesh of those it strikes.
   Int:       It affects your intelligence (+5).
   rElec:     It insulates you from electricity.
   Will:      It decreases your willpower.
 F - the +8 battleaxe of a wizard's laboratory {vorpal, rElec Str+4}
   (You took it off a vault sentinel on level 5 of the Vaults)

   It inflicts extra damage upon your enemies.
   Str:       It affects your strength (+4).
   rElec:     It insulates you from electricity.
Armour
 e - the +2 pair of boots of the Slorg (worn) {MP-9 Str+7 Dex+6}
   (You found it on level 12 of the Dungeon)

   Str:       It affects your strength (+7).
   Dex:       It affects your dexterity (+6).
   MP:        It affects your magic capacity (-9).
 f - the +2 helmet of Ponuemux (worn) {rElec Will- Regen+ rCorr}
   (You acquired it on level 12 of the Dungeon)

   rElec:     It insulates you from electricity.
   Regen:     It increases your rate of health regeneration.
   rCorr:     It protects you from acid and corrosion.
   Will:      It decreases your willpower.
 r - the +1 shadow dragon scales "Fikh" (worn) {+Inv Stlth++++}
   (You bought it in a shop on level 2 of the Orcish Mines)

   +Inv:      It lets you turn invisible.
   Stlth:     It makes you much more stealthy.
 v - the +0 pair of gloves of Seukhuet (worn) {Str+3 Int+4 Slay+2}
   (You found it on level 7 of the Dungeon)

   Str:       It affects your strength (+3).
   Int:       It affects your intelligence (+4).
   Slay:      It affects your accuracy & damage with ranged weapons and melee
   (+2).
 G - +3 storm dragon scales {Bai Suzhen}
 I - the +2 ratskin cloak (worn) {*Rats rPois rN+ Str-1 Int-1 Dex+1}
   (You found it on level 7 of the Dungeon)

   When the wearer is hurt, rats may emerge from it to assist them.
   Str:       It affects your strength (-1).
   Int:       It affects your intelligence (-1).
   Dex:       It affects your dexterity (+1).
   rPois:     It protects you from poison.
   rN:        It protects you from negative energy.
Jewellery
 a - the ring of Symmetry {Fire *Slow rElec Dex+7 Slay+5}
   (You found it in a Gauntlet)

   [ring of fire]

   It enhances your fire magic.
   Dex:       It affects your dexterity (+7).
   Slay:      It affects your accuracy & damage with ranged weapons and melee
   (+5).
   rF:        It protects you from fire.
   rC:        It makes you vulnerable to cold.
   rElec:     It insulates you from electricity.
   *Slow:     It may slow you when you take damage.
 b - a ring of willpower (left hand)
 l - the ring "Gattiqax" {EV+4 Str+4}
   (You found it on level 7 of the Dungeon)

   [ring of evasion]

   EV:        It affects your evasion (+4).
   Str:       It affects your strength (+4).
 m - the ring of the Shining Light (right hand) {rF+++ rC+ Will+ Int-2 Slay+5}
   (You took it off a deep elf sorcerer on level 3 of the Elven Halls)

   [ring of willpower]

   Int:       It affects your intelligence (-2).
   Slay:      It affects your accuracy & damage with ranged weapons and melee
   (+5).
   rF:        It renders you almost immune to fire.
   rC:        It protects you from cold.
   Will:      It increases your willpower.
 q - a ring of positive energy
 w - the amulet of the Invisible Hand {rN++ Regen+ Int-2}
   (You took it off a vault warden on level 5 of the Vaults)

   [amulet of regeneration]

   Int:       It affects your intelligence (-2).
   rN:        It greatly protects you from negative energy.
   Regen:     It increases your rate of health regeneration.
 x - a ring of protection from cold
 K - the amulet of Vitality (around neck) {RegenMP++ Regen++}
   (You found it on level 15 of the Dungeon)

   [amulet of magic regeneration]

   It increases your rate of magic regeneration.
   Regen:     It increases your rate of health regeneration.
Wands
 u - a wand of polymorph (20)
 A - a wand of roots (28)
 B - a wand of mindburst (51)
 D - a wand of digging (6)
 W - a wand of acid (34)
Scrolls
 d - 7 scrolls of vulnerability
 h - 5 scrolls of summoning
 o - 4 scrolls of magic mapping
 s - 6 scrolls of amnesia
 t - 2 scrolls of silence
 y - 3 scrolls of torment
 z - 9 scrolls of enchant weapon
 H - 15 scrolls of teleportation
 N - 7 scrolls of fear
 P - a scroll of acquirement
 R - 10 scrolls of butterflies
 S - 13 scrolls of immolation
 T - 2 scrolls of enchant armour
 V - 7 scrolls of poison
 Y - 4 scrolls of brand weapon
Potions
 c - 18 potions of ambrosia
 g - 3 potions of might
 i - 16 potions of curing
 n - 3 potions of resistance
 p - 11 potions of lignification
 E - 9 potions of brilliance
 J - 10 potions of haste
 L - 3 potions of heal wounds
 M - 9 potions of berserk rage
 O - 3 potions of magic
 U - 6 potions of invisibility
 X - 5 potions of cancellation
 Z - 9 potions of mutation


   Skills:
 O Level 27 Fighting
 O Level 27 Axes
 + Level 25.7 Armour
 - Level 2.4 Dodging
 - Level 1.5 Stealth
 O Level 27 Invocations


You had 24 spell levels left.
You didn't know any spells.
Your spell library contained the following spells:

 Spells                   Type           Power      Damage    Failure   Level
 Apportation              Tloc           0%         N/A       67%         1
 Beastly Appendage        Tmut           0%         N/A       67%         1
 Freeze                   Ice            0%         1d3       67%         1
 Kiss of Death            Conj/Necr      0%         2d5       67%         1
 Magic Dart               Conj           0%         1d3       67%         1
 Necrotise                Necr           0%         1d4       67%         1
 Sandblast                Erth           0%         2d4       67%         1
 Shock                    Conj/Air       0%         1d3       67%         1
 Slow                     Hex            0%         N/A       67%         1
 Summon Small Mammal      Summ           0%         N/A       67%         1
 Blink                    Tloc           0%         N/A       80%         2
 Call Imp                 Summ           0%         N/A       80%         2
 Cigotuvi's Dreadful Rot  Necr/Pois/Air  0%         N/A       80%         2
 Ensorcelled Hibernation  Hex/Ice        0%         N/A       80%         2
 Momentum Strike          Conj/Tloc      0%         3d8       80%         2
 Passwall                 Tmut/Erth      0%         N/A       80%         2
 Poisonous Vapours        Pois/Air       0%         N/A       80%         2
 Searing Ray              Conj           0%         2d4       80%         2
 Static Discharge         Conj/Air       0%         2-2/arc   80%         2
 Sublimation of Blood     Necr           0%         N/A       80%         2
 Wereblood                Tmut           0%         N/A       80%         2
 Confusing Touch          Hex            0%         N/A       95%         3
 Dazzling Flash           Conj/Hex       0%         N/A       95%         3
 Frozen Ramparts          Ice            0%         1d1       95%         3
 Gell's Gravitas          Tloc           0%         N/A       95%         3
 Hailstorm                Conj/Ice       0%         3d3       95%         3
 Ignite Poison            Fire/Tmut/Pois 0%         N/A       95%         3
 Kindle Blastsparks       Fire/Tloc/Air  0%         2d10      95%         3
 Lesser Beckoning         Tloc           0%         N/A       95%         3
 Mephitic Cloud           Conj/Pois/Air  0%         N/A       95%         3
 Ozocubu's Armour         Ice            0%         N/A       95%         3
 Spider Form              Tmut/Pois      0%         N/A       95%         3
 Stone Arrow              Conj/Erth      0%         3d7       95%         3
 Swiftness                Air            0%         N/A       95%         3
 Teleport Other           Tloc           0%         N/A       95%         3
 Vampiric Draining        Necr           0%         2d6       95%         3
 Vhi's Electric Charge    Tloc/Air       0%         N/A       95%         3
 Airstrike                Air            0%         2d(0-16)  100%        4
 Anguish                  Hex/Necr       0%         N/A       100%        4
 Animate Armour           Summ/Erth      0%         N/A       100%        4
 Animate Dead             Necr           0%         N/A       100%        4
 Cause Fear               Hex            0%         N/A       100%        4
 Dispel Undead            Necr           0%         3d6       100%        4
 Fulminant Prism          Conj/Hex       0%         3d5       100%        4
 Iskenderun's Mystic Bla  Conj/Tloc      0%         2d3       100%        4
 Leda's Liquefaction      Hex/Erth       0%         N/A       100%        4
 Manifold Assault         Tloc           0%         N/A       100%        4
 Passage of Golubria      Tloc           0%         N/A       100%        4
 Petrify                  Tmut/Erth      0%         N/A       100%        4
 Summon Lightning Spire   Summ/Air       0%         N/A       100%        4
 Agony                    Necr           0%         N/A       100%        5
 Alistair's Intoxication  Tmut/Pois      0%         N/A       100%        5
 Arcjolt                  Conj/Air       0%         1d10      100%        5
 Blade Hands              Tmut           0%         N/A       100%        5
 Borgnjor's Vile Clutch   Necr/Erth      0%         N/A       100%        5
 Fireball                 Conj/Fire      0%         3d3       100%        5
 Freezing Cloud           Conj/Ice/Air   0%         6-21      100%        5
 Lee's Rapid Deconstruct  Erth           0%         3d4*      100%        5
 Lightning Bolt           Conj/Air       0%         1d11      100%        5
 Metabolic Englaciation   Hex/Ice        0%         N/A       100%        5
 Silence                  Hex/Air        0%         N/A       100%        5
 Summon Mana Viper        Hex/Summ       0%         N/A       100%        5
 Yara's Violent Unravell  Hex/Tmut       0%         3d3       100%        5
 Conjure Ball Lightning   Conj/Air       0%         3x3d6     100%        6
 Death Channel            Necr           0%         N/A       100%        6
 Dispersal                Tloc           0%         N/A       100%        6
 Eringya's Noxious Bog    Tmut/Pois      0%         N/A       100%        6
 Iron Shot                Conj/Erth      0%         9d1       100%        6
 Simulacrum               Ice/Necr       0%         N/A       100%        6
 Statue Form              Tmut/Erth      0%         N/A       100%        6
 Storm Form               Tmut/Air       0%         N/A       100%        7
 Discord                  Hex            0%         N/A       100%        8
 Disjunction              Tloc           0%         N/A       100%        8
 Lehudib's Crystal Spear  Conj/Erth      0%         10d2      100%        8
 Maxwell's Capacitive Co  Air            0%         ∞         100%        8
 Necromutation            Tmut/Necr      0%         N/A       100%        8
 Summon Horrible Things   Summ           0%         N/A       100%        8
 Dragon's Call            Summ           0%         N/A       100%        9
 Polar Vortex             Ice            0%         N/A       100%        9


Dungeon Overview and Level Annotations

Branches:
Dungeon (15/15)            Temple (1/1) D:7            Lair (5/5) D:9
  Swamp (4/4) Lair:2        Snake (4/4) Lair:2        Slime (0/5) Lair:4
    Orc (2/2) D:9             Elf (3/3) Orc:2        Vaults (5/5) D:14
  Crypt (0/3) Vaults:2     Depths (4/4) D:15            Zot (1/5) Depths:4
  Sewer (visited)         Ossuary (visited)         Volcano (visited)
Gauntlet (visited)

Altars:
Ashenzari
Elyvilon
Gozag
Hepliaklqana
Kikubaaqudgha
Qazlal
Ru
Sif Muna
Trog
Vehumet
Xom
Yredelemnul
Zin
The Shining One
Beogh
Jiyva

Shops:
D:5 [   D:6 *   D:15 *   Orc:1 ((!   Orc:2 ([=*   Elf:3 *   Snake:1 :[
Snake:2 [((   Vaults:1 =   Vaults:2 (   Depths:3 !

Portals:
Hell: Depths:1 Depths:2 Depths:3 Depths:4
Abyss: Depths:3
Pandemonium: Depths:2 Depths:4
Ziggurat: Depths:3
Trove: D:12 (give +3 shadow dragon scales)

Annotations:
D:4 1 runed translucent door, osoart's ghost, amateur MfIE
D:8 2 transporters, experimilk's ghost, novice DrCj
Zot:1 1 transporter


Innate Abilities, Weirdness & Mutations

You can walk on water.
You have sharp toenails.
You are agile. (Dex +4, Str/Int -1)
You possess an exceptional clarity of mind.
You are robust. (+10% HP)
Your muscles are strong. (Str +4, Int/Dex -1)
Your spells are a little harder to cast, but a little more powerful.
You have hidden genetic potential.


Message History

The shadow dragon is engulfed in freezing vapours.
Unknown command.
Unknown command.
Unknown command.
You feel much better.
The golden dragon is no longer berserk.
The storm dragon bites you but does no damage.
The storm dragon barely misses you.
The storm dragon tramples you but does no damage.
The storm dragon rages.
The golden dragon bites you!!
* * * LOW HITPOINT WARNING * * *
The golden dragon claws you!
* * * LOW HITPOINT WARNING * * *
The golden dragon completely misses you.
The golden dragon bites you!!
* * * LOW HITPOINT WARNING * * *
A river rat scurries out from under your cloak.
The golden dragon claws you but does no damage.
The golden dragon tramples you but does no damage.
The storm dragon closely misses you. x2
The storm dragon tramples you but does no damage.
The shadow dragon is engulfed in freezing vapours.
The golden dragon bites you but does no damage.
The golden dragon barely misses you.
The golden dragon completely misses you.
The storm dragon bites you but does no damage.
The storm dragon claws you but does no damage.
The storm dragon closely misses you. The golden dragon barely misses you.
The golden dragon claws you but does no damage.
The golden dragon tramples you but does no damage.
Unknown command.
Unknown command.
Blink to where?
Press: ? - help, Dir - move target
As you read the scroll of blinking, it crumbles to dust.
The golden dragon is engulfed in freezing vapours.
You hear a deafening roar!
You hear a deafening roar!
The shadow dragon bites you!!
You die...

##..##... ##..##....
##..##.....
#########..##......
#..........#.......
##.#######..........
##..#...D.#########..
##.)##.y#..DDDDDr.##..
#..##@D###D.DD....##.[
#.##....###..D$?###...
##.#..?...##...$:#)....
#.©#.©....#....$[#.©...
#..#..†...##...$)#.....
#..##....###...$?###...
#...##..## ....... ##..
#....##..#........© #..
##....#... #########..


You could see a shadow dragon (berserk), a storm dragon (berserk) and a moth of
wrath.

Vanquished Creatures
  Mara (Vaults:3)
  Mennas (Vaults:4)
  2 ancient liches
  A juggernaut (Depths:2)
  Sojobo (Depths:3)
  Josephina (Depths:3)
  Bai Suzhen (Swamp:4)
  3 caustic shrikes
  Xtahua (Vaults:3)
  2 golden dragons
  Nikola (Swamp:3)
  the Enchantress (Depths:3)
  Jorgrun (D:14)
  Zenata (Elf:1)
  7 tentacled monstrosities
  5 liches
  3 deep elf blademasters
  3 titans
  4 quicksilver dragons
  The ghost of Olleb the Slicer, an adept GnWn of Okawaru (Elf:2)
  Frances (D:13)
  2 deep elf master archers (Elf:3)
  3 death cobs (Zot:1)
  2 sphinxes
  9 tengu reavers
  A thorn hunter (Swamp:4)
  7 storm dragons
  The ghost of BlueFish the Blocker, an adept MiFi of Makhleb (Swamp:1)
  Roxanne (Elf:3)
  2 draconian monks (Zot:1)
  A nagaraja (Snake:4)
  7 shadow dragons
  A fenstrider witch (Swamp:4)
  4 deep elf sorcerers (Elf:3)
  A draconian knight (Zot:1)
  20 vault wardens
  2 iron dragons
  2 draconian shifters (Zot:1)
  4 frost giants
  10 fire giants
  A draconian scorcher (Zot:1)
  2 caustic shrike zombies (Depths:1)
  The ghost of KennySheep the Tortoise, a journeyman DgHu (Swamp:3)
  A ghost moth (Zot:1)
  4 deep elf elementalists (Elf:3)
  A juggernaut zombie (Depths:1)
  A balrug (Depths:2)
  3 ghouls
  2 orc warlords
  The ghost of Gumoc the Spry, an adept SpAK of Lugonu (Depths:4)
  2 draconian annihilators
  5 spriggan defenders (Depths:3)
  20 very ugly things
  A green draconian (Depths:4)
  3 war gargoyles
  4 ironbound thunderhulks
  17 ironbound preservers
  7 vampire knights
  13 stone giants
  3 deep elf demonologists
  7 bunyips
  2 white draconians
  3 black draconians
  13 dire elephants
  A minotaur (Gauntlet)
  5 eleionomae
  2 purple draconians
  8 deep elf annihilators
  2 yellow draconians (Zot:1)
  A bunyip (shapeshifter) (Vaults:5)
  2 red draconians
  4 spark wasps
  8 deep elf death magi
  An entropy weaver (Vaults:2)
  13 ettins
  An entropy weaver (shapeshifter) (Vaults:5)
  A green death (Abyss:2)
  A merfolk javelineer (Depths:2)
  10 yaktaur captains
  4 great orbs of eyes
  A merfolk impaler (Depths:4)
  4 deep elf high priests
  6 fire dragons
  18 hydras
  9 ice dragons
  A rakshasa (Depths:2)
  A shambling mangrove (Swamp:3)
  28 vault guards
  A caustic shrike simulacrum (Depths:1)
  A peacekeeper (Vaults:2)
  3 spriggan air magi
  A catoblepas (Lair:2)
  An ogre mage (Vaults:5)
  2 boulder beetles
  6 ironbound frosthearts
  11 centaur warriors
  4 anacondas
  A death scarab (Gauntlet)
  3 two-headed ogres
  24 dancing weapons
  3 tengu warriors (Depths:3)
  7 death yaks
  6 naga sharpshooters
  Urug (Lair:1)
  6 naga warriors
  An orc high priest (Orc:1)
  6 deep troll shamans
  7 alligators
  6 deep troll earth magi
  6 spriggan berserkers
  3 vampire magi
  2 thrashing horrors (Abyss:2)
  2 soul eaters
  3 shock serpents
  15 deep elf knights
  3 sun demons
  Amaemon (Lair:1)
  3 hell knights
  2 wretched stars (Abyss:2)
  A shadow wraith (Depths:1)
  5 skeletal warriors
  9 goliath frogs
  A spectral death yak (Lair:5)
  4 salamander mystics
  42 deep trolls
  3 spriggan druids
  10 iron trolls
  A spectral anaconda (Lair:5)
  3 flayed ghosts
  5 glowing orange brains
  2 naga ritualists (Snake:4)
  3 wizards
  11 bog bodies
  11 swamp dragons
  8 deep elf archers
  2 spectral hydras
  4 phantasmal warriors
  6 lindwurms
  2 obsidian statues
  A harpy (Vaults:2)
  25 deep elf pyromancers
  16 ironbound convokers
  9 necromancers
  An iron dragon zombie (Depths:1)
  5 orc knights
  15 deep elf zephyrmancers
  3 mana vipers
  17 ugly things
  A will-o-the-wisp (Swamp:2)
  A fire giant zombie (Depths:1)
  4 cyclopes
  6 moths of wrath (Zot:1)
  An orc sorcerer (Orc:2)
  9 salamanders
  A worldbinder (Abyss:2)
  22 slime creatures
  3 manticores
  15 elephants
  29 black mambas
  3 large abominations (Abyss:2)
  2 apocalypse crabs (Abyss:2)
  12 cane toads
  A rust devil (D:14)
  2 smoke demons (Abyss:2)
  13 vault sentinels
  3 guardian serpents
  15 naga magi
  2 gargoyles
  Maggie (D:7)
  A rime drake (Lair:1)
  An efreet (D:14)
  2 demonic crawlers
  A spark wasp simulacrum (Depths:3)
  5 komodo dragons
  2 kobold demonologists
  An unseen horror zombie (D:9)
  18 yaktaurs
  A freezing wraith (Vaults:5)
  A yaktaur skeleton (Vaults:1)
  2 queen bees
  4 trolls
  A tengu conjurer (Depths:1)
  A bloated husk (Swamp:3)
  Grinder (D:6)
  A wind drake (shapeshifter) (Vaults:5)
  A polar bear (Lair:3)
  A raiju (Abyss:2)
  8 hornets
  11 blink frogs
  A shadow dragon simulacrum (Vaults:4)
  A hornet (shapeshifter) (Vaults:5)
  9 tyrant leeches
  An iron dragon simulacrum (Depths:3)
  A deep troll zombie (Vaults:1)
  4 air elementals
  8 spriggans
  A spriggan zombie (Depths:1)
  3 ynoxinuls (Abyss:2)
  A culicivora (shapeshifter) (Elf:3)
  A shadow (Abyss:2)
  6 water elementals
  A dire elephant simulacrum (Lair:5)
  3 wraiths
  14 fire bats
  33 yaks
  2 fire elementals
  2 wyverns
  A basilisk (D:14)
  4 small abominations (Abyss:2)
  4 redbacks
  2 chaos spawn (Abyss:2)
  A steam dragon (D:8)
  3 neqoxecs (Abyss:2)
  15 vampire mosquitoes
  26 nagas
  A harpy simulacrum (Abyss:2)
  6 wargs
  2 spectral cane toads (Lair:5)
  15 swamp worms
  6 acid dragons
  12 water moccasins
  Duvessa (D:7)
  A floating eye (Depths:1)
  A hydra simulacrum (Swamp:3)
  4 ice beasts
  9 orc warriors
  Pargi (Sewer)
  7 ogres
  2 sky beasts
  6 black bears
  6 swamp drakes
  6 boggarts
  6 wolves
  2 centaurs
  2 kobold brigands
  Blork the orc (D:6)
  9 bullfrogs
  5 scorpions
  A necrophage (Swamp:2)
  A wyvern zombie (D:9)
  2 gnoll sergeants
  A human skeleton (Vaults:1)
  A glowing shapeshifter simulacrum (Vaults:4)
  3 earth elementals
  A hornet simulacrum (D:14)
  7 wights
  Dowan (D:7)
  30 killer bees
  An electric eel (Lair:4)
  3 howler monkeys (D:10)
  2 centaur zombies (Ossuary)
  A jelly (D:4)
  2 quasits
  25 starcursed masses (Abyss:2)
  6 lava snakes (Volcano)
  A hound (D:5)
  2 gnoll boudas
  5 human zombies
  5 orc priests
  3 iguanas
  10 orc wizards
  2 yak simulacra (Lair:4)
  A polar bear simulacrum (Lair:4)
  3 wolf simulacra (Lair:4)
  5 mummies (Ossuary)
  14 gnolls
  6 adders
  5 shadow imps
  2 white imps (Abyss:2)
  3 ufetubi
  A worm (D:5)
  3 dart slugs
  20 orcs
  10 bats
  12 endoplasms
  6 giant cockroaches
  9 goblins
  10 hobgoblins
  17 kobolds
  4 quokkas
  5 ball pythons
  7 frilled lizards
  A kobold zombie (Ossuary)
  An orc zombie (Ossuary)
  8 rats
  A river rat simulacrum (Lair:4)
  A spectral goblin (D:12)
  A lurking horror (Abyss:2)
1478 creatures vanquished.

Vanquished Creatures (collateral kills)
  Frederick (Vaults:4)
  A caustic shrike (Depths:4)
  A bone dragon (Depths:4)
  Rupert (D:15)
  Asterion (Snake:4)
  2 titans (Vaults:4)
  A lich (Depths:4)
  2 quicksilver dragons
  A sphinx (Vaults:4)
  4 shadow dragons
  A tengu reaver (Vaults:4)
  2 frost giants (Depths:2)
  4 nagarajas
  2 fire giants
  Louise (D:14)
  A balrug (Depths:1)
  A deep elf sorcerer (Elf:3)
  6 ironbound preservers
  2 vault wardens (Vaults:3)
  An orc warlord (Orc:2)
  2 war gargoyles
  A spriggan defender (Depths:3)
  2 stone giants
  5 very ugly things
  A black draconian (Depths:4)
  A yellow draconian (Depths:4)
  A bunyip (Swamp:4)
  7 dire elephants
  6 spark wasps
  Snorg (D:14)
  4 ettins
  The ghost of Melaqoaz the Frost Mage, a journeyman HuWn of Vehumet (D:12)
  A deep elf death mage (Depths:1)
  3 fire dragons
  A crystal guardian (Vaults:4)
  4 yaktaur captains
  A great orb of eyes (Vaults:3)
  Erolcha (D:12)
  A vault guard (Vaults:4)
  2 rakshasas (Depths:1)
  4 hydras
  An ice dragon (Depths:3)
  An ironbound frostheart (Vaults:2)
  4 salamander tyrants (Snake:4)
  An ogre mage (Vaults:3)
  3 spriggan air magi
  A peacekeeper (Vaults:4)
  3 centaur warriors
  2 anacondas
  2 boulder beetles
  A spectral fire giant (Depths:1)
  A death yak (Lair:5)
  10 dancing weapons
  A tengu warrior (Depths:3)
  3 deep troll shamans
  An orc high priest (Orc:2)
  11 naga warriors
  3 deep troll earth magi
  A spriggan berserker (Depths:2)
  4 naga sharpshooters
  2 vampire magi
  2 deep elf knights
  A hell knight (Depths:3)
  A shock serpent (Snake:2)
  5 skeletal warriors
  A salamander mystic (Snake:4)
  3 iron trolls
  35 deep trolls
  2 flayed ghosts
  Lodul (D:12)
  A naga ritualist (Snake:1)
  3 lindwurms
  2 bog bodies
  3 wizards
  3 deep elf archers
  A harpy (Vaults:2)
  7 deep elf pyromancers
  4 ironbound convokers
  4 orc knights
  11 deep elf zephyrmancers
  4 mana vipers
  A phantasmal warrior (Vaults:2)
  A human zombie (Vaults:4)
  16 ugly things
  4 orc sorcerers (Orc:2)
  5 necromancers
  6 salamanders
  2 cyclopes
  A stone giant skeleton (Vaults:1)
  Maurice (D:13)
  2 fire giant skeletons
  12 black mambas
  10 elephants (Lair:5)
  11 naga magi
  A smoke demon (Depths:1)
  4 vault sentinels
  A torpor snail (Lair:3)
  A demonic crawler (D:14)
  8 cane toads
  2 orange demons
  A rime drake (Lair:4)
  2 komodo dragons
  10 yaktaurs
  2 kobold demonologists (D:13)
  2 golden dragon simulacra (Depths:3)
  A merfolk (shapeshifter) (Depths:3)
  4 trolls
  A tyrant leech (Lair:2)
  2 hornets
  16 blink frogs
  A spectral elephant (Lair:5)
  18 slime creatures
  A spriggan (Depths:3)
  15 yaks
  A vampire (D:12)
  3 water elementals
  2 fire elementals
  A wyvern (Lair:1)
  A basilisk (Lair:2)
  5 redbacks
  16 nagas
  3 wargs (Orc:2)
  2 swamp worms
  2 water moccasins
  A hydra simulacrum (Swamp:3)
  A floating eye (Depths:2)
  A floating eye (shapeshifter) (Vaults:1)
  9 orc warriors
  3 wolves
  4 ogres
  A human skeleton (Vaults:4)
  2 boggarts (Vaults:1)
  A kobold brigand (D:11)
  4 bullfrogs
  A cane toad simulacrum (Lair:5)
  An earth elemental (Elf:2)
  14 killer bees
  2 howler monkeys
  4 crimson imps (D:14)
  4 orc priests (Orc:2)
  3 iron imps (D:14)
  An orc wizard (Orc:2)
  2 yak simulacra (Lair:4)
  A polar bear simulacrum (Lair:4)
  A wolf simulacrum (Lair:4)
  A gnoll (D:10)
  A river rat (D:14)
  4 shadow imps (D:14)
  3 white imps (D:14)
  An ufetubus (D:14)
  14 orcs
  4 giant cockroaches (D:14)
  3 kobolds (D:13)
  A jackal zombie (D:8)
  A plant (Lair:4)
531 creatures vanquished.

Vanquished Creatures (others)
  A draconian scorcher (Depths:4)
  A ghost moth (Zot:1)
  5 orc warlords
  2 orc high priests
  A spriggan berserker (Swamp:4)
  A deep elf knight (Elf:1)
  19 orc knights
  A deep elf pyromancer (Elf:2)
  2 bloated husks (Swamp:3)
  17 orc wizards
  2 vampire mosquitoes (Swamp:3)
  22 orc warriors
  15 orc priests
  44 orcs
  2 demonic plants (D:7)
  10 foxfires (Swamp:2)
  40 fungi
  98 plants
  26 withered plants (Lair:5)
309 creatures vanquished.

Grand Total: 2318 creatures vanquished

Notes
Turn   | Place    | Note
-------+----------+-------------------------------------------
     0 | D:1      | cforsyth the Hill Orc Monk began the quest for the Orb.
     0 | D:1      | Reached XP level 1. HP: 19/19 MP: 1/1
   135 | D:1      | Reached XP level 2. HP: 27/27 MP: 2/2
   144 | D:1      | Reached skill level 1 in Armour
   354 | D:1      | Reached XP level 3. HP: 30/33 MP: 3/3
  1022 | D:2      | Identified the +3 spear "Yheseg" {venom, rC+ Str+7 Stlth+}
  1361 | D:2      | Reached XP level 4. HP: 41/41 MP: 4/4
  1564 | D:2      | Reached skill level 5 in Axes
  2121 | D:3      | You fall into a shaft and drop 2 floors!
  2121 | D:5      | Entered Level 5 of the Dungeon
  2125 | D:5      | Found Goohy's Antique Armour Emporium.
  2135 | D:5      | Reached XP level 5. HP: 45/47 MP: 5/5
  2211 | D:5      | Gained mutation: You have hidden genetic defects. [potion
                  | of mutation]
  2211 | D:5      | Gained mutation: You have a somewhat thin skeletal
                  | structure. (Dex +2, Stealth+) [potion of mutation]
  2216 | D:5      | HP: 2/47 [hound (2)]
  2218 | D:5      | Reached skill level 5 in Fighting
  2222 | D:5      | Reached XP level 6. HP: 11/56 MP: 6/6
  2232 | D:5      | Gained mutation: You are dopey. (Int -2) [hidden defects]
  2377 | D:5      | Noticed an ice beast
  2567 | D:4      | Found a sacrificial altar of Ru.
  2634 | D:4      | Found a broken altar of Ashenzari.
  2813 | D:4      | Found a runed translucent door.
  2813 | D:4      | Noticed osoart's ghost (amateur MfIE)
  2843 | D:4      | Found a bloodstained altar of Trog.
  2937 | D:4      | Noticed a black bear
  2947 | D:4      | Killed a black bear
  2951 | D:4      | Gained mutation: You occasionally lose the ability to read
                  | scrolls when taking damage. [hidden defects]
  2951 | D:4      | Lost mutation: You have hidden genetic defects. [hidden
                  | defects expressed]
  3060 | D:4      | Reached XP level 7. HP: 43/63 MP: 7/7
  3325 | D:4      | Found a stormy altar of Qazlal.
  3947 | D:5      | Found a glowing golden altar of the Shining One.
  3996 | D:5      | Found a shimmering altar of Xom.
  4045 | D:5      | Reached skill level 5 in Armour
  4219 | D:5      | Found a glowing silver altar of Zin.
  4219 | D:5      | Noticed an angel
  4449 | D:6      | Reached XP level 8. HP: 66/73 MP: 8/8
  4475 | D:6      | Noticed Grinder
  4482 | D:6      | Paralysed by Grinder for 5 turns
  4498 | D:6      | Killed Grinder
  4582 | D:6      | Noticed Blork the orc
  4590 | D:6      | Killed Blork the orc
  4598 | D:6      | Found a glowing drain.
  4614 | Sewer    | Entered a sewer
  4701 | Sewer    | Noticed Pargi
  4716 | Sewer    | Killed Pargi
  5043 | D:6      | Became a worshipper of Beogh the Brigand
  5043 | D:6      | Reached * piety under Beogh
  5043 | D:6      | Reached ** piety under Beogh
  5050 | D:6      | Found Soteocit's Assorted Antiques.
  5206 | D:6      | Reached XP level 9. HP: 78/82 MP: 9/9
  5436 | D:7      | Noticed Maggie
  5871 | D:7      | Reached skill level 10 in Axes
  6193 | D:7      | Found a staircase to the Ecumenical Temple.
  6242 | D:7      | Noticed Duvessa
  6258 | Temple   | Entered the Ecumenical Temple
  6631 | D:7      | Noticed Dowan
  6668 | D:7      | Killed Duvessa
  6679 | D:7      | HP: 4/85 [Dowan/+0 dagger (4)]
  6681 | D:7      | Killed Dowan
  6912 | D:7      | Killed Maggie
  6913 | D:7      | Reached skill level 10 in Fighting
  7185 | D:7      | Noticed an orc knight
  7702 | D:7      | Identified the +0 pair of gloves of Seukhuet {Str+3 Int+4
                  | Slay+2}
  7800 | D:5      | Bought an embroidered cloak for 180 gold pieces
  7949 | D:7      | Reached *** piety under Beogh
  7950 | D:7      | Reached XP level 10. HP: 82/93 MP: 10/10
  8013 | D:7      | Found the +2 ratskin cloak {*Rats rPois rN+ Str-1 Int-1
                  | Dex+1}
  8334 | D:7      | Noticed a centaur warrior
  8340 | D:7      | Killed a centaur warrior
  8424 | D:7      | Identified the ring "Gattiqax" {EV+4 Str+4}
  8441 | D:7      | Identified the +10 scimitar "Inamag" {holy, rPois Will-
                  | Int+9}
  8455 | D:7      | Killed an orc knight
  8795 | D:7      | Paralysed by a hornet for 3 turns
  9115 | D:8      | Noticed a six-headed hydra
  9122 | D:8      | Found a transporter.
  9123 | D:8      | Noticed experimilk's ghost (novice DrCj)
  9137 | D:8      | Found a transporter.
  9223 | D:8      | Noticed a two-headed ogre
  9229 | D:8      | Killed a two-headed ogre
  9230 | D:8      | Reached skill level 10 in Armour
  9233 | D:8      | Reached XP level 11. HP: 68/104 MP: 11/11
  9240 | D:8      | Found a white marble altar of Elyvilon.
  9384 | D:8      | Found a sand-covered staircase.
  9395 | Ossuary  | Entered an ossuary
  9520 | Ossuary  | Reached **** piety under Beogh
  9588 | Ossuary  | Reached XP level 12. HP: 112/112 MP: 11/20
  9790 | D:8      | Got the Collected Works on Enthralling Generation
 10045 | D:9      | Found a staircase to the Lair.
 10199 | D:9      | Found a basalt altar of Yredelemnul.
 10720 | D:9      | Found a staircase to the Orcish Mines.
 10807 | D:10     | Entered Level 10 of the Dungeon
 10875 | D:10     | Found a hazy altar of Hepliaklqana.
 11311 | D:10     | Found an ancient bone altar of Kikubaaqudgha.
 12068 | D:11     | Reached ***** piety under Beogh
 12125 | D:11     | Noticed a two-headed ogre
 12132 | D:11     | Killed a two-headed ogre
 12329 | D:11     | Noticed a two-headed ogre
 12337 | D:11     | Killed a two-headed ogre
 12462 | D:12     | Noticed a boulder beetle
 12468 | D:12     | Killed a boulder beetle
 12743 | D:12     | Identified a scroll of acquirement
 12750 | D:12     | Acquired the +2 helmet of Ponuemux {rElec Will- Regen+
                  | rCorr}
 12809 | D:12     | Noticed Lodul
 12820 | D:12     | Killed Lodul
 12821 | D:12     | Reached XP level 13. HP: 122/122 MP: 22/22
 12850 | D:12     | Noticed Erolcha
 12856 | D:12     | Killed Erolcha
 12856 | D:12     | Gained Bogwald as an ally
 13047 | D:12     | Found a portal to a secret trove of treasure.
 13066 | D:12     | Found a hazy altar of Hepliaklqana.
 13121 | D:12     | Found a runed translucent gate.
 13122 | D:12     | Found a runed translucent gate.
 13123 | D:12     | Found a runed translucent gate.
 13124 | D:12     | Found a roughly hewn altar of Beogh.
 13125 | D:12     | Noticed Melaqoaz's ghost (journeyman HuWn)
 13139 | D:12     | Killed Melaqoaz's ghost
 13164 | D:12     | Identified the +2 pair of boots of the Slorg {MP-9 Str+7
                  | Dex+6}
 13351 | Lair:1   | Entered Level 1 of the Lair of Beasts
 13380 | Lair:1   | Noticed Amaemon
 13386 | Lair:1   | Killed Amaemon
 13430 | Lair:1   | Acquired 1192 gold pieces
 13467 | Lair:1   | Gained Judas as an ally
 13490 | Lair:1   | Noticed Urug
 13497 | Lair:1   | Killed Urug
 13700 | Lair:1   | Reached skill level 15 in Axes
 14019 | Lair:2   | Found a dark tunnel.
 14025 | Volcano  | Entered a volcano
 14272 | Volcano  | Noticed a red draconian
 14298 | Volcano  | HP: 4/124 [red draconian/searing blast (6)]
 14451 | Volcano  | Killed a red draconian
 14559 | Volcano  | Found a burning altar of Makhleb.
 14626 | Lair:2   | Reached ****** piety under Beogh
 14999 | Lair:2   | Found a staircase to the Snake Pit.
 15007 | Lair:2   | Gained Thorok as an ally
 15096 | Lair:2   | Found a staircase to the Swamp.
 15294 | Lair:2   | Reached XP level 14. HP: 119/133 MP: 12/25
 15307 | Lair:2   | Gained Bogmar as an ally
 15332 | Lair:2   | Gained Thorok as an ally
 15597 | Lair:3   | Reached skill level 15 in Invocations
 15959 | Lair:3   | Reached skill level 15 in Fighting
 16195 | Lair:3   | You are sucked into a shaft and drop 2 floors!
 16195 | Lair:5   | Entered Level 5 of the Lair of Beasts
 16486 | Lair:4   | Found a viscous altar of Jiyva.
 16486 | Lair:4   | Found a staircase to the Slime Pits.
 17194 | Lair:5   | Gained Boldo as an ally
 17271 | Lair:5   | Noticed a dire elephant
 17271 | Lair:5   | Noticed a dire elephant
 17402 | Lair:5   | Gained Milork as an ally
 17432 | Lair:5   | Gained Borgoth as an ally
 17440 | Lair:5   | Killed a dire elephant
 17447 | Lair:5   | Killed a dire elephant
 17620 | Lair:5   | Reached XP level 15. HP: 125/143 MP: 14/27
 18302 | Orc:1    | Entered Level 1 of the Orcish Mines
 18302 | Orc:1    | Found a roughly hewn altar of Beogh.
 18414 | Orc:1    | Found Hoqolupn's Distillery.
 18428 | Orc:1    | Bought a potion of haste for 160 gold pieces
 18428 | Orc:1    | Bought a potion of haste for 160 gold pieces
 18428 | Orc:1    | Bought a potion of haste for 160 gold pieces
 18446 | Orc:1    | Found Guili's Antique Weapon Emporium.
 18838 | Orc:2    | Entered Level 2 of the Orcish Mines
 18873 | Orc:2    | Found a roughly hewn altar of Beogh.
 18874 | Orc:2    | Noticed an orc warlord
 18884 | Orc:2    | Killed an orc warlord
 18885 | Orc:2    | Noticed an orc warlord
 18888 | Orc:2    | Found Goesiul's Jewellery Emporium.
 18890 | Orc:2    | Found Veored's General Store.
 18891 | Orc:2    | Gained Bolgrim as an ally
 18894 | Orc:2    | Killed an orc warlord
 18909 | Orc:2    | Found Qiacvues's Antique Weapon Emporium.
 19245 | Orc:2    | Found a staircase to the Elven Halls.
 19267 | Orc:2    | Bought a bone glaive for 253 gold pieces
 19267 | Orc:2    | Identified the +10 glaive "Aqeskizi" {venom, rElec Will-
                  | Int+5} (You bought it in a shop on level 2 of the Orcish
                  | Mines)
 19328 | Orc:2    | Found Gawuix's Antique Armour Emporium.
 19572 | Orc:1    | Found Ciar's Weapon Shop.
 19990 | D:13     | Noticed Frances
 19997 | D:13     | Killed Frances
 20627 | D:13     | Noticed Maurice
 20635 | D:13     | Killed Maurice
 20636 | D:13     | Reached skill level 15 in Armour
 20799 | D:14     | Identified the +5 lajatang of the Poles {freeze, Dex+3
                  | SInv}
 20951 | D:15     | Entered Level 15 of the Dungeon
 20975 | D:15     | Found Sest's General Store.
 20995 | D:15     | Bought a scroll of teleportation for 54 gold pieces
 20995 | D:15     | Bought a potion of curing for 54 gold pieces
 20995 | D:15     | Bought a potion of haste for 180 gold pieces
 21024 | D:15     | Noticed Rupert
 21031 | D:15     | Killed Rupert
 21035 | D:15     | Found a gate leading to a gauntlet.
 21043 | Gauntlet | Entered a Gauntlet
 21043 | Gauntlet | Found a runed translucent door.
 21043 | Gauntlet | Found a transporter.
 21043 | Gauntlet | Found a runed translucent door.
 21043 | Gauntlet | Found a transporter.
 21054 | Gauntlet | Found a transporter.
 21058 | Gauntlet | Found a transporter.
 21066 | Gauntlet | Found a transporter.
 21070 | Gauntlet | Found a transporter.
 21085 | Gauntlet | Found a transporter.
 21098 | Gauntlet | Found a transporter.
 21116 | Gauntlet | Found a transporter.
 21116 | Gauntlet | Found a transporter.
 21117 | Gauntlet | Found a runed translucent door.
 21132 | Gauntlet | Found a transporter.
 21133 | Gauntlet | Found a transporter.
 21272 | Gauntlet | Gained Hawl as an ally
 21275 | Gauntlet | Gained Grimold as an ally
 21294 | Gauntlet | Identified the ring of Symmetry {Fire *Slow rElec Dex+7
                  | Slay+5}
 21339 | Gauntlet | Identified the +5 great sword "Wiesch" {drain, rPois rC+}
 21346 | Gauntlet | Gained Bogbrand as an ally
 21360 | Gauntlet | Identified the +5 flail of the Ancient Nights {flame, Fly
                  | Dex+2}
 21651 | D:15     | Found the amulet of Vitality {RegenMP++ Regen++}
 21726 | D:15     | Your ally Borgoth died
 21739 | D:15     | Your ally Milork died
 21891 | D:15     | Found a staircase to the Depths.
 22082 | Snake:1  | Entered Level 1 of the Snake Pit
 22107 | Snake:1  | Reached XP level 16. HP: 138/155 MP: 19/28
 22392 | Snake:1  | Found Cies's Self-Improvement Boutique.
 22463 | Snake:1  | Your ally Thorok died
 22512 | Snake:1  | Found Tucucwut's Antique Armour Boutique.
 22871 | Snake:2  | Gained Morun as an ally
 23062 | Snake:2  | Found Kickot's Weapon Shop.
 23331 | Snake:2  | Found Plog's Armour Shop.
 23346 | Snake:2  | Found Neurih's Antique Weapon Boutique.
 23366 | Snake:2  | Noticed a nagaraja
 23374 | Snake:2  | Killed a nagaraja
 23468 | Snake:2  | Your ally Morun died
 24155 | Snake:3  | Found a shimmering blue altar of Sif Muna.
 24805 | Snake:4  | Entered Level 4 of the Snake Pit
 25012 | Snake:4  | Noticed a nagaraja
 25019 | Snake:4  | Killed a nagaraja
 25087 | Snake:4  | Noticed a nagaraja
 25098 | Snake:4  | Your ally Bogwald died
 25168 | Snake:4  | Your ally Hawl died
 25172 | Snake:4  | Your ally Judas died
 25189 | Snake:4  | Gained Bogric as an ally
 25190 | Snake:4  | Reached XP level 17. HP: 132/166 MP: 21/30
 25201 | Snake:4  | Your ally Bogric died
 25397 | Snake:4  | Your ally Bogmar died
 25467 | Snake:4  | Noticed Asterion
 25474 | Snake:4  | Killed Asterion
 25478 | Snake:4  | Got a serpentine rune of Zot
 25860 | Swamp:1  | Entered Level 1 of the Swamp
 26062 | Swamp:1  | Found a runed translucent door.
 26064 | Swamp:1  | Noticed BlueFish's ghost (adept MiFi)
 26088 | Swamp:1  | Killed BlueFish's ghost
 26090 | Swamp:1  | Identified the +0 leather armour of the Unseen Realm {rF+
                  | rC- Str+3 Dex+3}
 27341 | Swamp:3  | Found a transporter.
 27341 | Swamp:3  | Noticed KennySheep's ghost (journeyman DgHu)
 27431 | Swamp:3  | Noticed Nikola
 27440 | Swamp:3  | Killed Nikola
 27441 | Swamp:3  | Noticed a tentacled monstrosity
 27477 | Swamp:3  | Killed a tentacled monstrosity
 27614 | Swamp:3  | Reached XP level 18. HP: 176/176 MP: 23/32
 27620 | Swamp:3  | Got the Meditations on Congealing Blows and Bruises
 27686 | Swamp:3  | Found a transporter.
 27835 | Swamp:3  | Killed KennySheep's ghost
 27900 | Swamp:4  | Entered Level 4 of the Swamp
 28110 | Swamp:4  | Noticed Bai Suzhen
 28118 | Swamp:4  | Killed Bai Suzhen
 28666 | Swamp:4  | Got a decaying rune of Zot
 29106 | Depths:1 | Entered Level 1 of the Depths
 29161 | Depths:1 | Found a radiant altar of Vehumet.
 29566 | Depths:1 | Paralysed by a floating eye for 3 turns
 29850 | Depths:1 | Gained Bogward as an ally
 29917 | Depths:1 | Your ally Thorok died
 29918 | Depths:1 | Your ally Grimold died
 30019 | Depths:1 | Reached XP level 19. HP: 174/177 MP: 24/33
 30170 | Depths:1 | Got the Almanac of Iniquitous Magic
 30310 | Depths:1 | Found a gateway to Hell.
 30601 | Depths:2 | You are sucked into a shaft and drop 2 floors!
 30601 | Depths:4 | Entered Level 4 of the Depths
 30696 | Depths:4 | Your ally Bolgrim died
 30769 | Depths:4 | Found a runed translucent door.
 30769 | Depths:4 | Found a shimmering altar of Xom.
 30769 | Depths:4 | Noticed Gumoc's ghost (adept SpAK)
 30796 | Depths:4 | Gained Ognian as an ally
 30989 | Depths:4 | Noticed a bone dragon
 30994 | Depths:4 | Killed a bone dragon
 31000 | Depths:4 | Found a gate to the Realm of Zot.
 31275 | Depths:4 | Your ally Bogmar died
 31431 | Depths:3 | Noticed a caustic shrike
 31431 | Depths:3 | Noticed a caustic shrike
 31431 | Depths:3 | Noticed a caustic shrike
 31431 | Depths:3 | Noticed a caustic shrike
 31431 | Depths:3 | Noticed a tentacled monstrosity
 31431 | Depths:3 | Noticed a golden dragon
 31431 | Depths:3 | Noticed an ancient lich
 31437 | Depths:4 | Killed a caustic shrike
 31457 | Depths:3 | Identified the ring of the Scavenger {Ice MP+9}
 31457 | Depths:3 | Noticed Josephina
 31739 | Depths:3 | Killed an ancient lich
 31740 | Depths:3 | Reached XP level 20. HP: 87/198 MP: 26/35
 32156 | Depths:3 | Killed Josephina
 32208 | Depths:2 | Your ally Boldo died
 32313 | Depths:3 | Your ally Ognian died
 32456 | Depths:3 | Found a one-way gate to the infinite horrors of the Abyss.
 32661 | Depths:3 | Found a one-way gateway to a ziggurat.
 32684 | Depths:3 | Noticed Sojobo
 32693 | Depths:3 | Killed Sojobo
 32702 | Depths:3 | Noticed the Enchantress
 32712 | Depths:3 | Killed the Enchantress
 33292 | Depths:3 | Found Jaureunt's Distillery.
 33455 | Depths:2 | Found a one-way gate leading to the halls of Pandemonium.
 33592 | Depths:2 | Paralysed by a vampire knight for 3 turns
 33658 | Depths:2 | Paralysed by a floating eye for 4 turns
 33693 | Depths:2 | Noticed a juggernaut
 33700 | Depths:2 | Killed a juggernaut
 33701 | Depths:2 | Reached XP level 21. HP: 158/209 MP: 21/36
 34536 | Depths:3 | Killed a caustic shrike
 34538 | Depths:3 | Killed a caustic shrike
 34650 | Depths:4 | Found Wideocs's One-of-a-Kind Rings.
 34770 | Depths:4 | Killed a caustic shrike
 34930 | Depths:4 | Killed Gumoc's ghost
 34975 | Depths:4 | Killed a golden dragon
 35060 | D:14     | Noticed Snorg
 35061 | D:14     | Noticed Jorgrun
 35062 | D:14     | Killed Snorg
 35069 | D:14     | Killed Jorgrun
 35087 | D:14     | Found a gate to the Vaults.
 35097 | Abyss:2  | Cast into level 2 of the Abyss (a wizard)
 35122 | Abyss:2  | Found a shimmering altar of Xom.
 35129 | Abyss:2  | Found a shimmering altar of Xom.
 35129 | Abyss:2  | Found a shimmering altar of Xom.
 35147 | Abyss:2  | Gained mutation: Your magical capacity is low. (-10% MP) [a
                  | neqoxec]
 35148 | Abyss:2  | Gained mutation: Potions are less effective at restoring
                  | your health. [a neqoxec]
 35236 | Abyss:2  | Found an ornate altar of the Wu Jian Council.
 35302 | Abyss:2  | Paralysed by accursed screaming for 2 turns
 35355 | Abyss:2  | Paralysed by an air elemental for 1 turns
 35409 | Abyss:2  | Paralysed by accursed screaming for 1 turns
 35453 | D:14     | Escaped the Abyss
 35578 | D:14     | Noticed Louise
 35589 | D:14     | Killed Louise
 35901 | D:14     | Acquired 448 gold pieces
 36169 | Vaults:1 | Entered Level 1 of the Vaults
 36374 | Vaults:1 | Found Ituv's Jewellery Boutique.
 37517 | Vaults:2 | Reached XP level 22. HP: 182/220 MP: 25/34
 37545 | Vaults:2 | Gained Zorug as an ally
 37688 | Vaults:2 | Found a staircase to the Crypt.
 37808 | Vaults:2 | Found Woicitay's Weapon Boutique.
 38216 | Vaults:2 | Your ally Zorug died
 38661 | Vaults:3 | Gained Learuk as an ally
 38772 | Vaults:3 | Your ally Zorug died
 38983 | Vaults:3 | Your ally Learuk died
 39365 | Vaults:3 | Noticed Mara
 39373 | Vaults:3 | Killed Mara
 39405 | Vaults:3 | Noticed Xtahua
 39408 | Vaults:3 | Killed Xtahua
 39746 | Vaults:4 | Gained Morguth as an ally
 40225 | Vaults:4 | Reached XP level 23. HP: 223/229 MP: 26/35
 40355 | Vaults:4 | Noticed Frederick
 40360 | Vaults:4 | Killed Frederick
 40461 | Vaults:4 | Paralysed by a sphinx for 2 turns
 40474 | Vaults:4 | Noticed Mennas
 40486 | Vaults:4 | Killed Mennas
 40945 | Elf:1    | Entered Level 1 of the Elven Halls
 41005 | Elf:1    | Found a flickering gateway to a bazaar.
 41011 | Bazaar   | Entered a bazaar
 41018 | Bazaar   | Found Ikkuv's Weapon Shop.
 41032 | Bazaar   | Found Zijocs's Antique Weapon Boutique.
 41046 | Bazaar   | Found Huinous's Armour Shop.
 41060 | Bazaar   | Found Xeedghig's Weapon Boutique.
 41074 | Bazaar   | Found Neson's Assorted Antiques.
 41083 | Bazaar   | Lost mutation: You have a somewhat thin skeletal structure.
                  | (Dex +2, Stealth+) [potion of mutation]
 41083 | Bazaar   | Lost mutation: Potions are less effective at restoring your
                  | health. [potion of mutation]
 41083 | Bazaar   | Gained mutation: You are weak. (Str -2) [potion of
                  | mutation]
 41084 | Bazaar   | Lost mutation: You are dopey. (Int -2) [potion of mutation]
 41084 | Bazaar   | Lost mutation: You are weak. (Str -2) [potion of mutation]
 41084 | Bazaar   | Gained mutation: Your body sometimes deteriorates upon
                  | taking damage. [potion of mutation]
 41084 | Bazaar   | Gained mutation: Your spells are a little harder to cast,
                  | but a little more powerful. [potion of mutation]
 41084 | Bazaar   | Gained mutation: Your muscles are strong. (Str +4, Int/Dex
                  | -1) [potion of mutation]
 41085 | Bazaar   | Lost mutation: Your muscles are strong. (Str +4, Int/Dex
                  | -1) [potion of mutation]
 41085 | Bazaar   | Lost mutation: Your magical capacity is low. (-10% MP)
                  | [potion of mutation]
 41085 | Bazaar   | Lost mutation: Your spells are a little harder to cast, but
                  | a little more powerful. [potion of mutation]
 41085 | Bazaar   | Gained mutation: You do not regenerate when monsters are
                  | visible. [potion of mutation]
 41085 | Bazaar   | Gained mutation: You are partially covered in iridescent
                  | scales. (AC +2) [potion of mutation]
 41086 | Bazaar   | Lost mutation: You do not regenerate when monsters are
                  | visible. [potion of mutation]
 41086 | Bazaar   | Lost mutation: You are partially covered in iridescent
                  | scales. (AC +2) [potion of mutation]
 41086 | Bazaar   | Gained mutation: You have sharp toenails. [potion of
                  | mutation]
 41086 | Bazaar   | Gained mutation: You have hidden genetic potential. [potion
                  | of mutation]
 41086 | Bazaar   | Gained mutation: You have a pair of small antennae on your
                  | head. [potion of mutation]
 41087 | Bazaar   | Lost mutation: You have a pair of small antennae on your
                  | head. [potion of mutation]
 41087 | Bazaar   | Lost mutation: You occasionally lose the ability to read
                  | scrolls when taking damage. [potion of mutation]
 41087 | Bazaar   | Gained mutation: Your muscles are strong. (Str +4, Int/Dex
                  | -1) [potion of mutation]
 41087 | Bazaar   | Gained mutation: You are robust. (+10% HP) [potion of
                  | mutation]
 41104 | Bazaar   | Found Seluubry's Assorted Antiques.
 41114 | Bazaar   | Bought a pair of embroidered gloves for 195 gold pieces
 41156 | Elf:1    | Identified the +0 trident "Porrynus" {vorpal, rN+}
 41223 | Elf:1    | Noticed Zenata
 41236 | Elf:1    | Killed Zenata
 41968 | Elf:1    | Found a radiant altar of Vehumet.
 42073 | Elf:2    | Found a large runed translucent door.
 42073 | Elf:2    | Found a large runed translucent door.
 42086 | Elf:2    | Noticed Olleb's ghost (adept GnWn)
 42269 | Elf:2    | Paralysed by an air elemental for 1 turns
 42272 | Elf:2    | Paralysed by an air elemental for 1 turns
 42276 | Elf:2    | Your ally Morguth died
 42650 | Elf:2    | Found a runed translucent gate.
 42651 | Elf:2    | Found a runed translucent gate.
 42651 | Elf:2    | Found a runed translucent gate.
 42918 | Elf:2    | Killed Olleb's ghost
 43440 | Elf:3    | Entered Level 3 of the Elven Halls
 43474 | Elf:3    | Identified Roxanne's Handbook of Transmutation
 43474 | Elf:3    | Noticed Roxanne
 43485 | Elf:3    | Killed Roxanne
 44083 | Elf:3    | Found Ewoarruleol's Mayhem Merchandise.
 44228 | Elf:3    | Identified the ring "Syefem" {rElec rF+ rN+ Will- SInv}
 44228 | Elf:3    | Identified the ring of the Shining Light {rF+++ rC+ Will+
                  | Int-2 Slay+5}
 44232 | Elf:3    | Identified the +3 short sword of Ryogus {freeze, *Noise Fly
                  | rElec}
 44233 | Elf:3    | Identified the ring "Xahyufisu" {EV+4 Int+2}
 44240 | Elf:3    | Reached skill level 27 in Axes
 44312 | Elf:3    | Identified the +8 chain mail of Leefal {Fly Int-2 Dex+3}
 44426 | Elf:3    | Reached XP level 24. HP: 216/266 MP: 27/40
 44641 | Elf:3    | Got Sif Muna's Precepts of Leadership and Ozone
 44714 | Elf:3    | Got the Verses on the Stinger and the Blaze
 45311 | Vaults:5 | Entered Level 5 of the Vaults
 45319 | Vaults:5 | Reached skill level 27 in Invocations
 45357 | Vaults:5 | Gained mutation: You possess an exceptional clarity of
                  | mind. [hidden potential]
 45464 | Vaults:5 | Identified the +4 morningstar of Xeddaur {speed, Fly}
 45540 | Vaults:5 | Noticed an ancient lich
 45594 | Vaults:5 | Killed an ancient lich
 46027 | Vaults:5 | Identified the +5 great mace of Puunitok {elec, Will+
                  | Stlth+}
 46057 | Vaults:5 | Identified the +0 barding of Gounovem {rCorr Int+3}
 46060 | Vaults:5 | Identified the +2 robe of Whack-A-Mole {rElec Stlth+}
 46086 | Vaults:5 | Gained Korbok as an ally
 46389 | Vaults:5 | Identified the +8 battleaxe of a wizard's laboratory
                  | {vorpal, rElec Str+4}
 46580 | Vaults:5 | Reached XP level 25. HP: 253/278 MP: 31/40
 46617 | Vaults:5 | Got a silver rune of Zot
 46732 | Vaults:5 | Identified the +2 glaive of the Gnat {vorpal, Fly rCorr
                  | Dex-2}
 46968 | Vaults:5 | Identified the amulet of the Invisible Hand {rN++ Regen+
                  | Int-2}
 46972 | Vaults:5 | Identified the ring of Fuvud {rCorr Int+8 SInv Stlth-}
 47080 | Vaults:5 | Reached skill level 27 in Fighting
 47211 | Vaults:5 | Identified the +5 chain mail of Urchiofedgh {SInv}
 47694 | Orc:2    | Bought scorched shadow dragon scales for 2295 gold pieces
 47694 | Orc:2    | Identified the +1 shadow dragon scales "Fikh" {+Inv
                  | Stlth++++} (You bought it in a shop on level 2 of the
                  | Orcish Mines)
 48033 | Zot:1    | Entered Level 1 of the Realm of Zot
 48260 | Zot:1    | Gained mutation: You have a pair of small horns on your
                  | head. [hidden potential]
 48260 | Zot:1    | Lost mutation: You have hidden genetic potential. [hidden
                  | potential expressed]
 48267 | Zot:1    | Lost mutation: Your body sometimes deteriorates upon taking
                  | damage. [potion of mutation]
 48267 | Zot:1    | Lost mutation: You have a pair of small horns on your head.
                  | [potion of mutation]
 48267 | Zot:1    | Gained mutation: Your spells are a little harder to cast,
                  | but a little more powerful. [potion of mutation]
 48267 | Zot:1    | Gained mutation: You have hidden genetic potential. [potion
                  | of mutation]
 48267 | Zot:1    | Gained mutation: You are agile. (Dex +4, Str/Int -1)
                  | [potion of mutation]
 48404 | Zot:1    | Found a transporter.
 48510 | Zot:1    | Found the +0 mask of the Dragon {Will+ Slay+3 SInv}
 48814 | Zot:1    | Found a transporter.
 48825 | Zot:1    | HP: 2/276 [golden dragon (22)]
 48828 | Zot:1    | Mangled by a shadow dragon

Illustrated notes

Levels and vault maps discovered:
D:1:      roderic_crop_circles_arrival_small, layout_rooms, serial_forest,
          infiniplex_forest_clump_small, infiniplex_forest_clump_curved,
          infiniplex_forest_end_3, infiniplex_forest_clump_double,
          infiniplex_forest_clump_diagonal, infiniplex_forest_zigzag_2,
          infiniplex_forest_end_1
D:2:      layout_basic, minmay_misc_feat_doors, minmay_domino_2
D:3:      layout_rooms
D:4:      layout_basic, evilmike_ruin_ashenzari, trog_ov_bears_minmay,
          mainiacjoe_overflow_brackets, pf_just_have_faith,
          gammafunk_ghost_grave, nicolae_underground_beach
D:5:      layout_rooms, marbit_many_paths, zin_angel, lemuel_round_altar,
          serial_shops, shop
D:6:      layout_basic, serial_shops, nicolae_shop_behind_doors,
          portal_sewer_entry_a, uniq_grinder, uniq_blork_the_orc
D:7:      minmay_the_grid_plus [minmay_the_grid_armoury, minmay_the_grid_expand,
          minmay_the_grid_pillar_ring, minmay_the_grid_square_x,
          minmay_the_grid_prize_diamond_cup], layout_loops_corners,
          minmay_temple_entry_statues_fountains, serial_demonic,
          serial_demonic_g, serial_demonic_a, serial_demonic_a,
          serial_demonic_g, uniq_crazy_yiuf_cottage, uniq_duvessa, uniq_maggie
D:8:      layout_basic, mainiacjoe_overflow_boulevard, enter_ossuary_3,
          gammafunk_ghost_arena
D:9:      layout_basic, lemuel_zombie_altar_yredelemnul, david_lair_generic,
          david_orc_4, minmay_holes, minmay_stone_trees_medium,
          hangedman_decor_push
D:10:     layout_loops_ring, mainiacjoe_overflow_small_starburst,
          nicolae_overflow_hidden_temple
D:11:     layout_basic
D:12:     layout_rooms, biasface_ghost_orc_armoury, enter_trove_6,
          nicolae_hepliaklqana_monster_ancestors, uniq_lodul, uniq_erolcha
D:13:     layout_loops_corners, uniq_frances, uniq_maurice
D:14:     kennysheep_tiny_hell, layout_long_grid, minmay_tree_intersection,
          uniq_jorgrun, uniq_louise, uniq_snorg
D:15:     hangedman_depths_entry_try_elsewhere_first, layout_irregular_city,
          gauntlet_entry_generic, serial_shops, nicolae_shop_stone,
          minmay_misc_feat_columns, uniq_rupert
Temple:   nicolae_temple_bog_church
Lair:1:   layout_long_grid, chequers_serial_rivers_small_a, uniq_urug,
          uniq_amaemon
Lair:2:   nzn_winding_woodlands_small
          [nzn_winding_woodlands_5x15_pathside_ponds,
          nzn_winding_woodlands_center_garden,
          nzn_winding_woodlands_5x15_garden], layout_gridlike,
          palyth_hydra_swamp_entry, minmay_snake_entry_guardpost_medium,
          nicolae_volcano_entry_hallway, special_room [special_room_bee]
Lair:3:   layout_gridlike, kilobyte_rumbling_trees
Lair:4:   layout_loops_ring, slime_entry_1, eino_house_with_fridge,
          serial_bayou_shore_a
Lair:5:   due_jungle_book, layout_cave_pods, chequers_serial_rivers_small_b,
          infiniplex_staircase_pool_2, grunt_megastairs_3
Swamp:1:  layout_basic_swamp, ebering_ghost_inner_flame,
          nicolae_swamp_well_well_well, swamp_pool3
Swamp:2:  layout_basic_swamp, nicolae_swamp_little_swirl, swamp_pool1,
          ldierk_geyser
Swamp:3:  layout_falls_marsh, gammafunk_ghost_mausoleum, hangedman_swamp_cone,
          infiniplex_staircase_pool, uniq_nikola
Swamp:4:  swamp_basic_johnstein, layout_basic_swamp,
          nicolae_swamp_very_dense_foliage, uniq_bai_suzhen
Snake:1:  layout_misc_corridors, serial_shops, shop, nicolae_shop_self_help
Snake:2:  layout_chambers, serial_shops, shop, minmay_shoptagon,
          nicolae_triple_integral
Snake:3:  layout_grid_shapes, basic_altar, st_stairs_11
Snake:4:  snake_pit, layout_rooms, uniq_asterion
Orc:1:    layout_diamond_mine, basic_altar, serial_shops,
          nicolae_lakefront_shop, nicolae_shop_statue_plus, nicolae_shop_crystal
Orc:2:    grunt_orc_cross, layout_caves
Elf:1:    layout_geoelf_octagon, serial_shops, bzr_entry_water, minivault_28,
          lemuel_upstairs_altar, uniq_zenata
Elf:2:    nicolae_elf_blades_crystal_corner, layout_geoelf_diagonals,
          ebering_ghost_disaster_area, st_stairs_7
Elf:3:    elf_hall_gauntlet_narrow, layout_loops_ring, minmay_shop_mayhem,
          feat_on_display, grunt_megastairs_5, uniq_roxanne
Vaults:1: vaults_room_grunt_arrival_ludios, grunt_vaults_twisty,
          dpeg_vaults_monster_row, nicolae_vaults_shelves_hall,
          grunt_vaults_bifocal, vaults_dpeg_encased_lava, v_misc_15,
          ontoclasm_vaults_shout, vaults_standard_mumra_lines,
          vaults_dpeg_cross, layout_vaults_quadrants, serial_shops,
          nicolae_shop_stone
Vaults:2: nicolae_vaults_three_branches, v_pattern_2,
          minmay_crypt_entry_simple_corners, v_misc_27,
          nicolae_vaults_mini_display_case, nicolae_vaults_network_quincunx
          [nicolae_vaults_network_quincunx_subvault,
          nicolae_vaults_network_quincunx_subvault,
          nicolae_vaults_network_quincunx_subvault,
          nicolae_vaults_network_quincunx_subvault,
          nicolae_vaults_network_quincunx_subvault],
          ontoclasm_vaults_ring_small, v_misc_30, st_squares,
          ontoclasm_vaults_loading_screen, nicolae_vaults_circle_grid_b,
          v_misc_15, layout_vaults_omnibox, serial_shops,
          nicolae_shop_hallway_stairs
Vaults:3: vaults_standard_mumra_x, v_misc_9, ontoclasm_vaults_ring_square,
          st_smaller_cells, v_misc_1, vaults_mumra_hexcomb,
          hangedman_vaults_corner, v_pattern_1, nicolae_vaults_angled_halls,
          hangedman_vaults_impose, nicolae_vaults_asterisk,
          vaults_dpeg_emergency_exit, ontoclasm_vaults_ring_small,
          nicolae_vaults_specimen_jars, v_misc_8, ontoclasm_vaults_idyll,
          layout_vaults_ring, uniq_xtahua, uniq_mara
Vaults:4: ontoclasm_vaults_twist, nicolae_vaults_twisting_passages,
          vaults_room_grunt_arrival_checkpoint, hangedman_vaults_maws,
          vaults_room_fancy_cross, vaults_mumra_lcd, v_alt_pattern_3, v_rooms_2,
          vaults_room_pool, v_misc_1, ontoclasm_vaults_chip, layout_vaults_maze,
          uniq_frederick, uniq_mennas, uniq_margery
Vaults:5
Depths:1: layout_roguey, hellmouth_1, special_room [special_room_morgue],
          chequers_serial_rivers_micro_e, vehumet_crystals, grunt_megastairs_2
Depths:2: minmay_ornate_pinched, layout_gridlike, pan_entry,
          serial_bayou_pond_a, lightli_too_deep
Depths:3: grunt_deathspiral_large, layout_basic, enter_ziggurat_d, hell_entry,
          serial_curves, eino_curves_02, eino_curves_02, serial_shops,
          kennysheep_mini, abyss_entry, uniq_enchantress, uniq_sojobo,
          uniq_josephina
Depths:4: grunt_crosshair, layout_gridlike, hangedman_decor_slide_cut,
          grunt_hell_entry_dis_old, grunt_pan_entry_sceptre, ebering_ghost_xom,
          nicolae_shop_unique_rings, drop_trap
Zot:1:    layout_onion_interference, st_single_dragon_hoard_2, st_stairs_12,
          chequers_guarded_unrand_mask_of_the_dragon

Skill      XL: |  1  2  3  4  5  6  7  8  9 10 11 12 13 14 15 16 17 18 19 20 21 22 23 24 25 |
---------------+----------------------------------------------------------------------------+-----
Armour         | 1 2 3 4 5 6 8 10 11 13 14 15 16 17 18 19 20 21 22 23 24 25 | 25.7
Fighting       | 4 5 6 7 8 10 11 13 14 15 17 18 19 20 21 22 23 24 25 26 27 | 27.0
Axes           | 5 6 7 9 11 12 13 14 15 17 18 19 20 22 23 24 25 26 27 | 27.0
Invocations    | 11 13 14 16 17 19 20 21 22 23 24 25 26 27 | 27.0
Dodging        | |  2.4
Stealth        | |  1.5

Action                   |  1- 3 |  4- 6 |  7- 9 | 10-12 | 13-15 | 16-18 | 19-21 | 22-24 | 25-27 || total
-------------------------+-------+-------+-------+-------+-------+-------+-------+-------+-------++-------
Melee: Hand axe          |   116 |       |       |       |       |       |       |       |       ||   116
       Punch             |     3 |     1 |     8 |     1 |     1 |       |       |       |       ||    14
       Spear             |    32 |   103 |   391 |    47 |    33 |       |       |       |       ||   606
       Executioner's axe |       |       |       |   184 |   462 |   613 |   837 |   784 |   121 ||  3001
       Headbutt          |       |       |       |       |       |       |       |       |     1 ||     1
Invok: Convert to Beogh  |       |       |     1 |       |       |       |       |       |       ||     1
       Recall Orcish Fol |       |       |       |     4 |    16 |    11 |    12 |    18 |       ||    61
       Give Item to Name |       |       |       |       |     2 |     1 |       |       |       ||     3
       Resurrection      |       |       |       |       |     2 |     1 |     1 |     4 |       ||     8
       Smiting           |       |       |       |       |       |     6 |     6 |    20 |     2 ||    34
Evoke: Wand              |       |       |       |       |       |       |     1 |       |       ||     1
  Use: Potion            |       |     6 |     8 |     4 |     2 |     2 |     3 |    13 |     5 ||    43
       Scroll            |       |       |     7 |    14 |     4 |     2 |     4 |     5 |     3 ||    39
 Stab: Sleeping          |     8 |     4 |     2 |       |       |       |       |       |     1 ||    15
       Distracted        |       |     1 |       |     2 |    12 |     4 |     9 |     5 |     1 ||    34
       Petrifying        |       |       |       |       |     1 |       |       |       |       ||     1
Armor: Robe              |    21 |     8 |       |       |       |       |       |       |       ||    29
       Chain mail        |       |     5 |   201 |       |       |       |       |       |       ||   206
       Skin              |       |       |     7 |       |       |       |       |       |       ||     7
       Plate armour      |       |       |     2 |   150 |   447 |   297 |       |       |       ||   896
       Storm dragon scal |       |       |       |       |       |   175 |   596 |   594 |    30 ||  1395
       Shadow dragon sca |       |       |       |       |       |       |       |       |   177 ||   177
Dodge: Dodged            |    80 |    47 |   179 |   157 |   346 |   516 |   489 |   498 |   112 ||  2424
       Repelled          |       |     1 |       |       |       |       |       |       |       ||     1

Table legend: (Time is in decaauts)
 A = Elapsed time spent in this place.
 B = Non-inter-level travel time spent in this place.
 C = Inter-level travel time spent in this place.
 D = Time resting spent in this place.
 E = Time spent auto-exploring this place.
 F = Levels seen in this place.
 G = Mean time per level.
                   A        B        C        D        E       F      G
               +--------+--------+--------+--------+--------+-----+--------+
         Total |  48458 |  44087 |   4371 |   4318 |  26640 |  50 |  969.2 |
       Dungeon |  16144 |  14174 |   1970 |    828 |   9528 |  15 | 1076.3 |
        Temple |    459 |    459 |      0 |    427 |      0 |   1 |  459.0 |
          Lair |   4613 |   4161 |    452 |      0 |   3010 |   5 |  922.6 |
         Swamp |   2830 |   2666 |    164 |      9 |   1705 |   4 |  707.5 |
     Snake Pit |   3862 |   3514 |    348 |    373 |   2337 |   4 |  965.5 |
  Orcish Mines |   1651 |   1305 |    346 |      0 |   1022 |   2 |  825.5 |
   Elven Halls |   3829 |   3638 |    191 |    634 |   1869 |   3 | 1276.3 |
        Vaults |   6585 |   6022 |    563 |    451 |   3781 |   5 | 1317.0 |
        Depths |   6026 |   5694 |    332 |   1420 |   2295 |   4 | 1506.5 |
           Zot |    721 |    721 |      0 |     10 |    443 |   1 |  721.0 |
         Abyss |    315 |    315 |      0 |      1 |    138 |   1 |  315.0 |
        Bazaar |    133 |    133 |      0 |      0 |    108 |   1 |  133.0 |
         Sewer |    154 |    154 |      0 |      0 |    101 |   1 |  154.0 |
       Ossuary |    255 |    255 |      0 |     47 |     83 |   1 |  255.0 |
       Volcano |    543 |    543 |      0 |    115 |    169 |   1 |  543.0 |
      Gauntlet |    332 |    332 |      0 |      0 |     50 |   1 |  332.0 |
               +--------+--------+--------+--------+--------+-----+--------+

Top non-repeatable levels by time:
     D:7: 2259 daAuts
Depths:3: 2093 daAuts
     D:6: 1694 daAuts
Depths:1: 1586 daAuts
Vaults:5: 1537 daAuts
   Elf:2: 1509 daAuts
Vaults:1: 1466 daAuts
   Elf:3: 1434 daAuts
     D:4: 1409 daAuts
 Snake:2: 1380 daAuts
     D:9: 1363 daAuts
Vaults:4: 1297 daAuts
  Lair:2: 1290 daAuts
Depths:4: 1255 daAuts
Vaults:2: 1238 daAuts
